 Dungeon Crawl Stone Soup version 0.29.1-15-g9cfb28693d (webtiles) character file.

Game seed: 12929447542622071388

378 GigaChad the Chopper (level 6, 0/53 HPs)
             Began as a Minotaur Fighter on Mar 14, 2023.
             Slain by an orc priest
             ... wielding a +0 dagger
              (2 damage)
             ... on level 4 of the Dungeon.
             The game lasted 00:05:54 (3745 turns).

GigaChad the Chopper (Minotaur Fighter)             Turns: 3745, Time: 00:05:55

Health: 0/53       AC: 10    Str: 23    XL:     6   Next: 45%
Magic:  5/5        EV:  8    Int:  5    God:
Gold:   144        SH:  4    Dex:  9    Spells: 5/5 levels left

rFire   . . .      SeeInvis .   a - +0 war axe
rCold   . . .      Faith    .   c - +0 buckler
rNeg    . . .      Spirit   .   e - +0 chain mail
rPois   .          Reflect  .   (helmet restricted)
rElec   .          Harm     .   (no cloak)
rCorr   .          Rampage  .   (no gloves)
Will    .....                   (no boots)
Stlth   ..........              (no amulet)
HPRegen 0.17/turn               (no ring)
MPRegen 0.09/turn               (no ring)

@: lethally poisoned (0 -> -8)
A: horns 2, retaliatory headbutt
a: no special abilities


You were on level 4 of the Dungeon.
You visited 1 branch of the dungeon, and saw 4 of its levels.

You collected 144 gold pieces.

Inventory:

Hand Weapons
 a - a +0 war axe (weapon)
Missiles
 i - 2 throwing nets (quivered)
Armour
 b - a +0 scale mail
 c - a +0 buckler (worn)
 e - a +0 chain mail (worn)
Jewellery
 l - a ring of fire
 v - a ring of fire
 y - a ring of wizardry
 z - a ring of ice
Scrolls
 h - a scroll of teleportation
 j - a scroll of vulnerability
 m - a scroll of poison
 o - a scroll of amnesia
 p - a scroll of summoning
 r - a scroll of butterflies
 w - a scroll of fear {unknown}
Potions
 d - a potion of might
 f - 2 potions of degeneration {unknown}
 g - 5 potions of curing
 k - a potion of haste
 n - 2 potions of brilliance {unknown}
 q - a potion of cancellation {unknown}
 s - a potion of flight {unknown}
 t - a potion of mutation {unknown}
 u - a potion of heal wounds {unknown}
 x - a potion of attraction {unknown}
 A - a potion of ambrosia {unknown}


   Skills:
 + Level 4.4 Fighting
 + Level 5.9 Axes
 + Level 5.5 Armour
 + Level 1.5 Dodging
 + Level 0.3 Stealth
 + Level 4.2 Shields


You had 5 spell levels left.
You didn't know any spells.
Your spell library contained the following spells:

 Spells                   Type           Power      Damage    Failure   Level
 Ensorcelled Hibernation  Hex/Ice        0%         N/A       100%        2
 Passwall                 Tmut/Erth      0%         N/A       100%        2
 Spider Form              Tmut/Pois      0%         N/A       100%        3
 Swiftness                Air            0%         N/A       100%        3
 Anguish                  Hex/Necr       0%         N/A       100%        4
 Leda's Liquefaction      Hex/Erth       0%         N/A       100%        4
 Lee's Rapid Deconstruct  Erth           0%         3d5*      100%        5
 Statue Form              Tmut/Erth      0%         N/A       100%        6


Dungeon Overview and Level Annotations

Branches:
Dungeon (4/15)
 Temple: D:4-7

Altars:
Elyvilon


Innate Abilities, Weirdness & Mutations

You have a pair of horns on your head.
You reflexively headbutt those who attack you in melee.


Message History

The orc is heavily wounded.
You barely miss the orc.
You feel very sick. The orc hits you but does no damage.
You feel drained. The orc hits you but does no damage.
You are more poisoned.
The orc closely misses you. You furiously retaliate!
You headbutt the orc.
You kill the orc!
You block the orc's attack. The orc attacks as you move away!
The orc hits you with a +0 mace.
You feel very sick.
You closely miss the orc.
You feel very sick. The orc hits you with a +0 mace.
You closely miss the orc.
You feel very sick. The orc hits you but does no damage.
An orc priest comes into view. It is wielding a +0 dagger.
You slash the orc!
You kill the orc!
You feel sick.
The orc priest mumbles some strange prayers to Beogh against you.
Beogh smites you!
* * * LOW HITPOINT WARNING * * *
You hit the orc.
You kill the orc!
You feel sick.
Your life force feels restored.
You closely miss the orc. Your headbutt misses the orc.
You feel sick. The orc barely misses you.
You closely miss the orc.
You feel sick. The orc hits you but does no damage.
You are lethally poisoned!
You slash the orc!
You kill the orc!
* * * LOW HITPOINT WARNING * * *
You feel very sick.
* * * LOW HITPOINT WARNING * * *
You feel very sick.
The orc priest hits you with a +0 dagger.
You die...

#.. #.# #. #.
#.. #.# .
#.#..#####..
.## #..........
... #.....###.
.# #.#
.##......
....###.###.#.#
#.#####
#....)o.....#
#.# #@# #.# #.#
### #.# #.# #..
#)# #.# #.# #.#
#.# #.# #.#
#.####.#####.#
#............#
#......#######
#.######


You could see an orc priest.

Vanquished Creatures
  Sigmund (D:2)
  A hound (D:3)
  An orc priest (D:3)
  A gnoll (D:1)
  6 adders
  A worm (D:3)
  3 dart slugs (D:1)
  10 orcs
  6 bats
  10 endoplasms
  8 giant cockroaches
  2 hobgoblins
  8 kobolds
  3 quokkas
  4 ball pythons
  3 frilled lizards
  5 goblins
  5 rats (D:1)
78 creatures vanquished.

Notes
Turn   | Place    | Note
-------+----------+-------------------------------------------
     0 | D:1      | GigaChad the Minotaur Fighter began the quest for the Orb.
     0 | D:1      | Reached XP level 1. HP: 19/19 MP: 0/0
   297 | D:1      | Reached XP level 2. HP: 24/27 MP: 1/1
   622 | D:1      | Reached XP level 3. HP: 33/33 MP: 2/2
   942 | D:1      | Found a faded altar of an unknown god.
  1482 | D:2      | Reached XP level 4. HP: 32/40 MP: 3/3
  2265 | D:2      | Noticed Sigmund
  2275 | D:2      | Killed Sigmund
  2276 | D:2      | Reached skill level 5 in Axes
  2276 | D:2      | Reached skill level 5 in Armour
  2276 | D:2      | Reached skill level 1 in Dodging
  2276 | D:2      | Reached XP level 5. HP: 32/47 MP: 4/4
  2893 | D:3      | Reached XP level 6. HP: 53/53 MP: 5/5
  3310 | D:3      | Found a white marble altar of Elyvilon.
  3745 | D:4      | HP: 2/53 [poisoned by an orc]
  3745 | D:4      | Slain by an orc priest

Illustrated notes

Levels and vault maps discovered:
D:1:      minmay_arrival_four_loops, layout_basic,
          shapermc_ecumenical_altar_ellora, chequers_serial_rivers_micro_a,
          roderic_roman_lattice, minmay_misc_feat_x, hangedman_feature_mirror,
          minmay_tromino_i4
D:2:      layout_basic, uniq_sigmund
D:3:      layout_basic, lemuel_coloured_pillars_altar, st_stairs_1
D:4:      layout_loops_ring, chei_slow_surprise, trog_hazing_becter

Skill      XL: |  1  2  3  4 |
---------------+-------------+-----
Axes           | 3 4 5 |  5.9
Fighting       | 4 |  4.4
Armour         | 4 5 |  5.5
Shields        | 4 |  4.2
Dodging        | 1 |  1.5
Stealth        | |  0.3

Action                   |  1- 3 |  4- 6 || total
-------------------------+-------+-------++-------
Melee: War axe           |   103 |    90 ||   193
       Headbutt          |     7 |     7 ||    14
  Use: Scroll            |     3 |     4 ||     7
Armor: Chain mail        |    79 |    55 ||   134
Dodge: Dodged            |    38 |    51 ||    89
Block: Buckler           |    20 |    19 ||    39
